 Dungeon Crawl Stone Soup version 0.29.1-15-g9cfb28693d (webtiles) character file.

Game seed: 5610035398794489445

329 tropicdream the Vexing (level 6, -4/28 HPs)
             Began as a Spriggan Enchanter on Mar 13, 2023.
             Slain by Pargi (7 damage)
             ... in a sewer.
             The game lasted 00:16:14 (4158 turns).

tropicdream the Vexing (Spriggan Enchanter)         Turns: 4158, Time: 00:16:14

Health: -4/28      AC:  3    Str:  4    XL:     6   Next: 25%
Magic:  3/11       EV: 17    Int: 25    God:
Gold:   107        SH:  0    Dex: 15    Spells: 5/10 levels left

rFire   . . .      SeeInvis +   a - +1 dagger
rCold   . . .      Faith    .   (no shield)
rNeg    . . .      Spirit   .   b - +0 robe
rPois   .          Reflect  .   (helmet restricted)
rElec   .          Harm     .   p - +0 cloak
rCorr   .          Rampage  .   (gloves unavailable)
Will    +....                   (boots unavailable)
Stlth   +++.......              (no amulet)
HPRegen 0.09/turn               g - +6 ring of intelligence
MPRegen 0.12/turn               (no ring)

@: very quick
A: very small, no large weapons, unfitting armour, see invisible, speed 3
a: no special abilities


You were in a sewer.
You visited 1 branch of the dungeon, and saw 4 of its levels.
You also visited: Sewer.

You collected 107 gold pieces.

Inventory:

Hand Weapons
 a - a +1 dagger (weapon)
 o - a +3 quarterstaff of chaos
Armour
 b - a +0 robe (worn)
 p - a +0 cloak (worn)
Jewellery
 g - a +6 ring of intelligence (left hand)
 r - an amulet of faith
Wands
 q - a wand of flame (4)
Scrolls
 m - a scroll of identify
Potions
 c - 3 potions of invisibility
 d - a potion of heal wounds {unknown}
 e - a potion of flight {unknown}
 f - 2 potions of cancellation
 i - a potion of degeneration {unknown}
 j - a potion of mutation {unknown}
 k - a potion of curing {unknown}


   Skills:
 + Level 0.0 Fighting
 + Level 1.1 Short Blades
 - Level 2.6 Dodging
 * Level 6.7 Stealth
 - Level 2.6 Spellcasting
 - Level 6.8 Hexes
 - Level 2.0 Ice Magic


You had 5 spell levels left.
You knew the following spells:

 Your Spells              Type           Power      Damage    Failure   Level
a - Ensorcelled Hibernat  Hex/Ice        50%        N/A       2%          2
b - Confusing Touch       Hex            37%        N/A       1%          3

Your spell library contained the following spells:

 Spells                   Type           Power      Damage    Failure   Level
 Tukima's Dance           Hex            37%        N/A       1%          3
 Freeze                   Ice            52%        1d7       4%          1
 Dazzling Flash           Conj/Hex       40%        N/A       8%          3
 Summon Guardian Golem    Hex/Summ       20%        N/A       8%          3
 Magic Dart               Conj           12%        1d3       11%         1
 Summon Small Mammal      Summ           12%        N/A       11%         1
 Frozen Ramparts          Ice            26%        1d4       14%         3
 Searing Ray              Conj           6%         2d4       16%         2
 Static Discharge         Conj/Air       3%         3-4/arc   16%         2
 Fulminant Prism          Conj/Hex       10%        3d9       26%         4
 Call Canine Familiar     Summ           3%         N/A       30%         3
 Hailstorm                Conj/Ice       8%         3d4       56%         4
 Lightning Bolt           Conj/Air       1%         1d12      96%         5
 Maxwell's Capacitive Co  Air            1%         ∞         100%        8


Dungeon Overview and Level Annotations

Branches:
Dungeon (4/15)              Sewer (1/1)
 Temple: D:4-7

Altars:

Annotations:
D:3 3 runed translucent doors, Grinder; TangoThomas's ghost, amateur DsEn Sewer Pargi


Innate Abilities, Weirdness & Mutations

You are very small and have problems with some larger weapons.
You are too small for most types of armour.
You have supernaturally acute eyesight. (SInv)
You cover ground extremely quickly. (Speed+++)


Message History

Pargi is almost dead.
Pargi snarls, "Go!
Away!"
Pargi closely misses you. Pargi claws you. x2
You hit Pargi.
Pargi is almost dead.
Pargi barely misses you. Pargi completely misses you. Pargi closely misses you.
You barely miss Pargi.
Pargi is almost dead.
Pargi bites you. Pargi closely misses you. Pargi misses you.
You closely miss Pargi.
Pargi is almost dead.
Pargi closely misses you. Pargi misses you. Pargi claws you but does no damage.
You hit Pargi.
Pargi is almost dead.
Pargi bites you. Pargi claws you but does no damage. Pargi closely misses you.
You hit Pargi.
Pargi is almost dead.
Pargi bites you.
* * * LOW HITPOINT WARNING * * *
Pargi claws you.
* * * LOW HITPOINT WARNING * * *
Pargi claws you but does no damage.
You closely miss Pargi.
Pargi is almost dead.
Pargi closely misses you. Pargi misses you. Pargi closely misses you.
You hit Pargi but do no damage.
Pargi is almost dead.
Pargi misses you. Pargi barely misses you. Pargi misses you.
You closely miss Pargi.
Pargi is almost dead.
Pargi bites you.
* * * LOW HITPOINT WARNING * * *
Pargi completely misses you. Pargi misses you.
You closely miss Pargi.
Pargi is almost dead.
Pargi misses you. x2; Pargi closely misses you.
You hit Pargi but do no damage.
Pargi is almost dead.
Pargi bites you!
You die...

≈≈≈≈≈≈≈≈≈≈≈≈≈≈≈≈≈≈≈~~≈
≈≈≈≈≈≈≈≈≈≈≈≈≈≈.≈≈≈≈~~#
#≈≈≈≈≈≈≈≈≈≈≈≈≈~#†≈≈~..#
≈≈≈≈≈≈≈≈≈≈≈≈~.###∩†####
≈≈≈≈≈≈≈≈≈≈≈≈~.# ####
≈≈≈≈≈≈≈≈≈≈≈~###
≈≈≈≈≈≈≈≈≈≈≈.#
#≈≈≈≈≈≈≈≈...#
##≈≈≈≈≈≈T@.##
#≈≈≈≈≈≈~#### ≈≈≈≈≈≈≈~#
≈≈≈≈≈≈≈.# #≈≈≈≈≈≈~#
#≈≈≈≈≈l≈T ≈≈≈≈≈≈≈≈≈
≈≈≈≈≈≈≈≈≈ #≈≈≈≈≈≈≈≈≈


You could see Pargi.

Vanquished Creatures
  Crazy Yiuf (D:2)
  2 orc priests
  Jessica (D:2)
  Natasha (thrice) (D:2)
  An orc wizard (D:4)
  2 river rats (D:4)
  3 adders
  A worm (D:4)
  3 dart slugs
  5 orcs
  3 endoplasms
  4 giant cockroaches
  4 hobgoblins
  4 jackals
  A kobold (D:2)
  2 quokkas (D:2)
  7 ball pythons
  5 bats
  7 frilled lizards
  4 goblins
  5 rats
68 creatures vanquished.

Notes
Turn   | Place    | Note
-------+----------+-------------------------------------------
     0 | D:1      | tropicdream the Spriggan Enchanter began the quest for the
                  | Orb.
     0 | D:1      | Reached XP level 1. HP: 9/9 MP: 5/5
   379 | D:1      | Found a faded altar of an unknown god.
   442 | D:1      | Reached XP level 2. HP: 13/13 MP: 6/6
   445 | D:1      | Learned a level 2 spell: Ensorcelled Hibernation
   848 | D:2      | Noticed Jessica
  1197 | D:2      | Reached skill level 1 in Ice Magic
  1197 | D:2      | Reached XP level 3. HP: 16/16 MP: 2/8
  1293 | D:2      | Learned a level 3 spell: Confusing Touch
  1356 | D:2      | Noticed Natasha
  1359 | D:2      | Killed Natasha
  1360 | D:2      | Reached skill level 5 in Hexes
  1388 | D:2      | Reached XP level 4. HP: 21/21 MP: 4/9
  1465 | D:2      | Killed Jessica
  1667 | D:2      | Noticed Natasha
  1671 | D:2      | Killed Natasha
  1747 | D:2      | Found a runed translucent door.
  1748 | D:2      | Noticed Crazy Yiuf
  1839 | D:2      | Killed Crazy Yiuf
  1840 | D:2      | Reached skill level 5 in Stealth
  1840 | D:2      | Reached XP level 5. HP: 24/24 MP: 7/10
  1931 | D:2      | Noticed Natasha
  1939 | D:2      | Killed Natasha
  2070 | D:3      | Noticed Grinder
  2902 | D:3      | Paralysed by Grinder for 5 turns
  2910 | D:3      | Paralysed by Grinder for 4 turns
  2952 | D:3      | Found a runed translucent gate.
  2952 | D:3      | Found a runed translucent gate.
  2953 | D:3      | Found a runed translucent gate.
  2954 | D:3      | Noticed TangoThomas's ghost (amateur DsEn)
  3728 | D:4      | Reached XP level 6. HP: 20/28 MP: 5/11
  3820 | D:4      | Found a glowing drain.
  3989 | Sewer    | Entered a sewer
  4134 | Sewer    | Noticed Pargi
  4158 | Sewer    | Slain by Pargi

Illustrated notes

Levels and vault maps discovered:
D:1:      reono_arrival_forest_river, layout_loops_cross,
          shapermc_ecumenical_altar_notcrosses, hangedman_decor_opposing
D:2:      layout_loops_ring, supply_closet_lemuel, uniq_jessica, uniq_natasha,
          uniq_crazy_yiuf_cottage
D:3:      layout_basic, serial_co_window_serial, co_window_paths_b,
          co_window_paths_b, co_window_paths_a, co_window_of_opportunity_a,
          co_window_paths_a, co_window_corner_a, co_window_broadway_c,
          co_window_of_opportunity_b, co_window_corner_b, co_window_broadway_c,
          co_window_broadway_b, co_window_2corner, co_window_4corner_a,
          glass_columns_a, glass_columns_a, glass_columns_b, glass_columns_a,
          gammafunk_ghost_nasty_kobolds, uniq_grinder
D:4:      layout_gridville, mainiacjoe_overflow_boulevard, portal_sewer_entry_e
Sewer:    sewer_co_pargi_island

Skill      XL: |  1  2  3  4  5 |
---------------+----------------+-----
Hexes          | 4 5 6 |  6.8
Ice Magic      | 1 2 |  2.0
Stealth        | 5 6 |  6.7
Short Blades   | |  1.1
Dodging        | |  2.6
Spellcasting   | |  2.6

Action                   |  1- 3 |  4- 6 || total
-------------------------+-------+-------++-------
Melee: Dagger            |    41 |    86 ||   127
       Punch             |     1 |     1 ||     2
 Cast: Ensorcelled Hiber |    13 |    43 ||    56
  Use: Scroll            |       |     4 ||     4
 Stab: Sleeping          |    22 |    33 ||    55
Armor: Robe              |     1 |    14 ||    15
Dodge: Dodged            |    24 |    89 ||   113
